 Dungeon Crawl Stone Soup version 0.31.0-12-g77e489cdc1 (webtiles) character file.

Game seed: 9597414135150100165

47 McKennaii the Conjurer (level 3, -6/26 HPs)
             Began as a Demigod Conjurer on Feb 24, 2024.
             Mangled by Sigmund
             ... wielding a +4 scythe of protection
              (11 damage)
             ... on level 2 of the Dungeon.
             The game lasted 00:01:14 (1314 turns).

McKennaii the Conjurer (Demigod Conjurer)           Turns: 1314, Time: 00:01:15

Health: -6/26      AC:  3    Str:  8    XL:     3   Next: 29%
Magic:  3/9        EV: 12    Int: 24    God:
Gold:   26         SH:  0    Dex: 12    Spells: 4/7 levels left

rFire   . . .        (no weapon)
rCold   . . .        (no shield)
rNeg    . . .        a - +0 robe
rPois   .            (no helmet)
rElec   .            (no cloak)
rCorr   .            i - +0 pair of gloves
SInv    .            (no boots)
Will    .....        g - amulet of magic regeneration
Stlth   +            (no ring)
HPRegen 0.24/turn    (no ring)
MPRegen 0.51/turn

%: no passive effects
@: confused
A: high MP 1, forlorn, divine attributes
a: no special abilities


You were on level 2 of the Dungeon.
You visited 1 branch of the dungeon, and saw 2 of its levels.

You collected 26 gold pieces.

Inventory:

Armour
 a - a +0 robe (worn)
 i - a +0 pair of gloves (worn)
Jewellery
 g - an amulet of magic regeneration (around neck)
Scrolls
 h - a scroll of teleportation {unknown}
Potions
 b - a potion of magic
 c - 2 potions of mutation {unknown}
 d - a potion of resistance {unknown}
 e - a potion of curing {unknown}
 f - a potion of degeneration {unknown}


   Skills:
 - Level 1.7 Dodging
 - Level 1.7 Stealth
 + Level 2.6 Spellcasting
 + Level 4.2 Conjurations


You had 4 spell levels left.
You knew the following spells:

 Your Spells              Type           Power      Damage    Failure   Level
a - Magic Dart            Conj           92%        1d7       1%          1
b - Searing Ray           Conj           46%        2d6       3%          2

Your spell library contained the following spells:

 Spells                   Type           Power      Damage    Failure   Level
 Foxfire                  Conj/Fire      52%        2x1d6     4%          1
 Scorch                   Fire           6%         2d5       17%         2
 Flame Wave               Conj/Fire      13%        2d6       43%         4
 Fulminant Prism          Conj/Alch      6%         3d6       43%         4
 Iskenderun's Mystic Bla  Conj/Tloc      13%        2d5       43%         4
 Summon Cactus Giant      Summ           1%         N/A       100%        6


Dungeon Overview and Level Annotations

Branches:
Dungeon (2/15)

Annotations:
D:2 Sigmund


Innate Abilities, Weirdness & Mutations

You have an increased reservoir of magic. (+10% MP)
You shall have no god before yourself.
Your divine heritage dramatically boosts your attributes as you level up.


Message History

Press: ? - help, Shift-Dir - straight line, f/p - Sigmund
Aim: Sigmund, wielding a +4 scythe of protection, wearing a +0 robe and carrying a wand of flame (lightly wounded, 75% to hit)
The searing ray hits Sigmund!
Sigmund is moderately wounded.
The searing ray hits the quokka!
You kill the quokka! (Press . to maintain the ray.) Sigmund misses you.
The searing ray hits Sigmund.
Sigmund is heavily wounded.
Unknown command.
The searing ray hits Sigmund!
Sigmund is severely wounded.
Sigmund hits you from afar with a +4 scythe of protection!
Ouch! That really hurt!
Unknown command.
The searing ray hits Sigmund but does no damage.
Sigmund is severely wounded.
You finish channelling your searing ray.
Sigmund gestures at you while chanting. You resist with some effort.
Unknown command.
Casting: Searing Ray (safe; 3% risk of failure)
Confirm with . or Enter, or press ? or * to list all spells.
Aiming: Searing Ray (safe; 3% risk of failure)
Press: ? - help, Shift-Dir - straight line, f/p - Sigmund
Aim: Sigmund, wielding a +4 scythe of protection, wearing a +0 robe and carrying a wand of flame (severely wounded, 75% to hit)
The searing ray misses Sigmund. (Press . to maintain the ray.) Sigmund zaps a wand.
The puff of flame hits you!
* * * LOW HITPOINT WARNING * * *
Unknown command.
The searing ray hits Sigmund but does no damage.
Sigmund is severely wounded.
Sigmund casts a spell at you.
You are confused.
Unknown command.
Sigmund hits you from afar with a +4 scythe of protection!
You die...
Sigmund begins carving another notch in his scythe.

#......####.....#####.#
######## #.....# #.#
####### #.# #.# #.# #
#.# ... #.#
.....#######.#
....†@.@.)...#
.....#######.# ... #.#
. #.# #.# ## #.# .# #.#
.# #.# )# ...


You could see Sigmund.

Vanquished Creatures
  2 dart slugs
  A ribbon worm (D:2)
  A ball python (D:2)
  9 endoplasms
  4 jackals (D:2)
  8 kobolds
  2 quokkas (D:2)
  2 bats (D:1)
  2 frilled lizards
  2 goblins (D:2)
  3 rats
36 creatures vanquished.

Notes
Turn   | Place    | Note
-------+----------+-------------------------------------------
     0 | D:1      | McKennaii the Demigod Conjurer began the quest for the Orb.
     0 | D:1      | Reached XP level 1. HP: 14/14 MP: 5/5
   148 | D:1      | Got Plato's Papyrus of the Volcano
   615 | D:1      | Reached XP level 2. HP: 20/20 MP: 5/7
   618 | D:1      | Learned a level 2 spell: Searing Ray
   918 | D:2      | Reached skill level 4 in Conjurations
  1140 | D:2      | Reached XP level 3. HP: 26/26 MP: 5/9
  1306 | D:2      | Noticed Sigmund
  1314 | D:2      | Mangled by Sigmund

Illustrated notes

Levels and vault maps discovered:
D:1:      lemuel_arrival_lava_pool, layout_basic,
          shapermc_ecumenical_altar_rom_forum
D:2:      layout_basic, uniq_sigmund

Skill      XL: |  1  2 |
---------------+-------+-----
Spellcasting   | 2 |  2.6
Conjurations   | 4 |  4.2
Dodging        | |  1.7
Stealth        | |  1.7

Action                     || total
---------------------------++-------
  Melee: Unarmed           ||     1
   Cast: Magic Dart        ||    78
         Searing Ray       ||     3
 Armour: Robe              ||     6
  Dodge: Dodged            ||     6
